 Dungeon Crawl Stone Soup version 0.31-a0-854-g362426d53f (webtiles) character file.

Game seed: 12146685868050433277

179 dmks the Chopper (level 5, -2/67 HPs)
             Began as a Minotaur Gladiator on Oct 8, 2023.
             Was an Initiate of Qazlal.
             Slain by a gnoll
             ... wielding a +0 flail
             ... led by a gnoll sergeant
              (7 damage)
             ... on level 5 of the Dungeon.
             The game lasted 00:09:45 (3280 turns).

dmks the Chopper (Minotaur Gladiator)               Turns: 3280, Time: 00:09:46

Health: -2/67      AC: 22    Str: 18 (21) XL:     5   Next: 32%
Magic:  4/4        EV:  2    Int:  4 (5)  God:    Qazlal [......]
Gold:   109        SH:  0    Dex:  8 (11) Spells: 4/4 levels left

rFire   . . .        a - +0 war axe
rCold   . . .        (no shield)
rNeg    . . .        o - melded +0 chain mail
rPois   +            c - melded +0 hat
rElec   .            z - melded +0 cloak
rCorr   .            m - melded +0 pair of gloves
SInv    .            g - melded +0 pair of boots
Will    .....        (no amulet)
Stlth   +            (no ring)
HPRegen 0.31/turn    (no ring)
MPRegen 0.09/turn

%: no passive effects
@: confused, mighty, tree-form, ambrosia-drunk
A: stationary, stasis, torment immunity, boosted hp, (horns 2), (retaliatory
headbutt)
a: Renounce Religion


You were on level 5 of the Dungeon.
You worshipped Qazlal.
Qazlal was noncommittal.
You were a tree.
You visited 2 branches of the dungeon, and saw 6 of its levels.

You collected 109 gold pieces.

Inventory:

Hand Weapons
 a - a +0 war axe (weapon)
 j - a +0 spear
   (You found it on level 1 of the Dungeon)
 C - a +0 morningstar
   (You took it off an orc on level 4 of the Dungeon)
Missiles
 d - 3 throwing nets (quivered) {!f}
 p - a javelin
Armour
 b - a +0 leather armour
 c - a +0 hat (melded)
 g - a +0 pair of boots (melded)
   (You found it on level 1 of the Dungeon)
 m - a +0 pair of gloves (melded)
   (You found it on level 2 of the Dungeon)
 n - an orb of guile
   (You found it on level 1 of the Dungeon)
 o - a +0 chain mail (melded)
   (You found it on level 2 of the Dungeon)
 v - a +0 leather armour
   (You found it on level 4 of the Dungeon)
 z - a +0 cloak (melded)
   (You found it on level 4 of the Dungeon)
 B - a +0 ring mail
   (You took it off an orc on level 4 of the Dungeon)
 D - a scarf of invisibility
   (You found it on level 4 of the Dungeon)
Jewellery
 i - a ring of protection from fire
   (You found it on level 2 of the Dungeon)
 t - a +6 ring of intelligence
   (You found it on level 3 of the Dungeon)
Wands
 w - a wand of mindburst (21)
   (You found it on level 3 of the Dungeon)
Scrolls
 f - a scroll of enchant armour {unknown}
 k - 2 scrolls of identify {unknown}
 q - 4 scrolls of poison {unknown}
 s - a scroll of butterflies {unknown}
 u - a scroll of teleportation {unknown}
 y - a scroll of acquirement {unknown}
 A - a scroll of amnesia {unknown}
Potions
 e - 3 potions of degeneration {!q}
 l - 2 potions of ambrosia
 r - a potion of magic


   Skills:
 + Level 3.3 Fighting
 * Level 5.2 Axes
 - Level 3.0 Throwing
 * Level 2.3 Armour
 + Level 3.9 Dodging


You had 4 spell levels left.
You didn't know any spells.
Your spell library contained the following spells:

 Spells                   Type           Power      Damage    Failure   Level
 Alistair's Intoxication  Tmut/Pois      0%         N/A       100%        5
 Borgnjor's Vile Clutch   Necr/Erth      0%         N/A       100%        5
 Eringya's Noxious Bog    Tmut/Pois      0%         4d6       100%        6


Dungeon Overview and Level Annotations

Branches:
Dungeon (5/15)             Temple (1/1) D:4

Altars:
Ashenzari
Cheibriados
Dithmenos
Fedhas
Gozag
Hepliaklqana
Kikubaaqudgha
Nemelex Xobeh
Okawaru
Qazlal
Sif Muna
Trog
Uskayaw
Vehumet
Wu Jian
Xom
Yredelemnul
Zin
The Shining One

Annotations:
D:4 Sigmund


Innate Abilities, Weirdness & Mutations

You are a tree.
Your roots penetrate the ground, keeping you stationary.
You cannot be teleported.
You are immune to unholy pain and torment.
Your maximum health is greatly increased.
Your equipment is partially melded.
((You have a pair of horns on your head.))
((You reflexively headbutt those who attack you in melee.))


Message History

You kill the gnoll!
Qazlal accepts your kill.
You hit the iguana.
You kill the iguana!
Qazlal accepts your kill.
You hit the gnoll sergeant.
Your Throwing skill increases to level 3!
You hit the gnoll sergeant. You headbutt the gnoll sergeant.
You closely miss the gnoll. The gnoll barely misses you.
The gnoll sergeant hits you with a +0 trident!
You barely miss the gnoll sergeant. You headbutt the gnoll sergeant.
You slash the gnoll! You hit the gnoll. The gnoll hits you but does no damage.
The gnoll hits you with a +0 flail.
The gnoll sergeant hits you with a +0 trident.
* * * LOW HITPOINT WARNING * * *
The gnoll hits you but does no damage. The gnoll hits you with a +0 flail!
* * * LOW HITPOINT WARNING * * *
The gnoll sergeant hits you with a +0 trident.
* * * LOW HITPOINT WARNING * * *
It was a potion of degeneration.
There was something very wrong with that liquid.
You feel weakened.
You feel dopey.
You feel clumsy.
e - 3 potions of degeneration;
p - a javelin The gnoll closely misses you.
The gnoll hits you but does no damage.
The gnoll sergeant hits you with a +0 trident.
* * * LOW HITPOINT WARNING * * *
It was a potion of lignification.
You turn into a tree.
Your +0 cloak melds into your body.
Your +0 hat melds into your body.
Your +0 pair of gloves melds into your body.
Your +0 pair of boots melds into your body.
Your +0 chain mail melds into your body.
Your roots penetrate the ground.
The gnoll hits you with a +0 flail.
* * * LOW HITPOINT WARNING * * *
The gnoll sergeant hits you but does no damage.
The gnoll barely misses you.
It was a potion of might.
You feel very mighty all of a sudden. The gnoll barely misses you.
The gnoll hits you but does no damage.
The gnoll sergeant hits you but does no damage.
It was a potion of ambrosia.
You are confused.
You feel invigorated. The gnoll hits you with a +0 flail.
* * * LOW HITPOINT WARNING * * *
The gnoll sergeant hits you with a +0 trident.
* * * LOW HITPOINT WARNING * * *
The gnoll hits you with a +0 whip.
* * * LOW HITPOINT WARNING * * *
It was a potion of magic.
Magic courses through your body. The gnoll hits you with a +0 flail!
You die...

...........#
...........#
...........#
...........#
...........#
...........#
......gg...#
......g♣...#
.......†.<.#
...........#
....[...!..#
######.....#
#.....#
#.....#
#.....#
#.....#


You could see a gnoll sergeant and 2 gnolls.

Vanquished Creatures
  A howler monkey (D:4)
  An iguana (D:5)
  A gnoll (D:5)
  3 worms
  3 dart slugs
  5 orcs
  5 bats
  5 endoplasms
  4 giant cockroaches
  4 goblins
  8 hobgoblins
  7 jackals
  5 kobolds
  6 quokkas
  8 ball pythons
  4 frilled lizards
  9 rats
79 creatures vanquished.

Notes
Turn   | Place    | Note
-------+----------+-------------------------------------------
     0 | D:1      | dmks the Minotaur Gladiator began the quest for the Orb.
     0 | D:1      | Reached XP level 1. HP: 18/18 MP: 0/0
   127 | D:1      | Reached XP level 2. HP: 21/25 MP: 1/1
   176 | D:1      | Reached skill level 4 in Axes
   720 | D:1      | Reached skill level 1 in Armour
   802 | D:1      | Reached XP level 3. HP: 29/30 MP: 2/2
  1705 | D:2      | Reached XP level 4. HP: 38/38 MP: 3/3
  2568 | D:4      | Found a shadowy altar of Dithmenos.
  2581 | D:4      | Found a blossoming altar of Fedhas.
  2722 | D:4      | Found a snail-covered altar of Cheibriados.
  2804 | D:4      | Found a staircase to the Ecumenical Temple.
  2816 | Temple   | Entered the Ecumenical Temple
  2939 | Temple   | Became a worshipper of Qazlal Stormbringer
  3043 | D:4      | Found a hazy altar of Hepliaklqana.
  3134 | D:4      | Reached skill level 5 in Axes
  3151 | D:4      | Reached XP level 5. HP: 45/45 MP: 4/4
  3254 | D:4      | Noticed Sigmund
  3265 | D:5      | Entered Level 5 of the Dungeon
  3279 | D:5      | HP: 1/67 [gnoll/+0 whip[a gnoll sergeant] (3)]
  3280 | D:5      | Slain by a gnoll

Illustrated notes

Levels and vault maps discovered:
D:1:      dpeg_arrival_court, layout_basic, st_stairs_14, nicolae_wormholes
D:2:      layout_basic, st_stairs_5, chequers_big_river
D:3:      layout_loops_ring
D:4:      layout_loops_corners, nicolae_hepliaklqana_hazy_memory,
          nicolae_overflow_quartered_altars, minmay_temple_entry_trees,
          serial_shops, nicolae_shop_real_fake_doors, hangedman_decor_slide_cut,
          uniq_sigmund
D:5:      kennysheep_spiral_hall, layout_gridville,
          mainiacjoe_overflow_small_starburst
Temple:   nicolae_temple_superstar

Skill      XL: |  1  2  3  4  5 |
---------------+----------------+-----
Axes           | 4 5 |  5.2
Armour         | 1 2 |  2.3
Fighting       | 3 |  3.3
Throwing       | 3 |  3.0
Dodging        | |  3.9

Action                     |  1- 3 |  4- 6 || total
---------------------------+-------+-------++-------
  Melee: War axe           |    97 |    53 ||   150
         Headbutt          |    19 |     8 ||    27
         Punch             |     1 |       ||     1
  Evoke: Wand              |       |     1 ||     1
    Use: Potion            |       |     5 ||     5
 Armour: Leather armour    |    58 |    15 ||    73
         Chain mail        |       |    18 ||    18
         Skin              |       |     8 ||     8
  Dodge: Dodged            |    58 |    41 ||    99

Table legend: (Time is in decaauts)
 A = Elapsed time spent in this place.
 B = Non-inter-level travel time spent in this place.
 C = Inter-level travel time spent in this place.
 D = Time resting spent in this place.
 E = Time spent auto-exploring this place.
 F = Levels seen in this place.
 G = Mean time per level.
                   A        B        C        D        E       F      G
               +--------+--------+--------+--------+--------+-----+--------+
         Total |   3331 |   3232 |     99 |    236 |   2221 |   6 |  555.2 |
       Dungeon |   3198 |   3099 |     99 |    236 |   2221 |   5 |  639.6 |
        Temple |    132 |    132 |      0 |      0 |      0 |   1 |  132.0 |
               +--------+--------+--------+--------+--------+-----+--------+

Top non-repeatable levels by time:
     D:1: 1172 daAuts
     D:2: 944 daAuts
     D:4: 578 daAuts
     D:3: 486 daAuts
  Temple: 132 daAuts
     D:5: 16 daAuts
